 Dungeon Crawl Stone Soup version 0.29-a0-416-g83a48905f1 (webtiles) character file.

Game seed: 15715434865360642950

1183 trckry the Reanimator (level 8, -2/52 HPs)
             Began as a Mummy Necromancer on May 17, 2022.
             Was an Initiate of Gozag.
             Slain by a two-headed ogre
             ... wielding a +0 giant club
              (25 damage)
             ... on level 5 of the Dungeon.
             The game lasted 00:22:15 (6782 turns).

trckry the Reanimator (Mummy Necromancer)           Turns: 6782, Time: 00:22:16

Health: -2/52      AC:  4    Str: 11    XL:     8   Next: 19%
Magic:  2/12       EV: 16    Int: 17    God:    Gozag
Gold:   258        SH:  5    Dex: 12    Spells: 3/12 levels left

rFire   x . .      SeeInvis .   a - +4 quarterstaff (chaos)
rCold   + + .      Faith    .   (shield currently unavailable)
rNeg    + + +      Spirit   .   i - +0 robe
rPois   ∞          Reflect  +   h - +2 hat
rElec   .          Harm     .   (no cloak)
rCorr   .          Rampage  .   (no gloves)
Will    +....                   (no boots)
Stlth   ++........              o - amulet of reflection
HPRegen 0.17/turn               e - +4 ring of evasion
MPRegen 0.13/turn               j - ring of protection from cold

@: no status effects
A: cold resistance 1, negative energy resistance 3, torment resistance 2, heat
vulnerability 1, in touch with death 1, no potions
a: Renounce Religion, Potion Petition, Call Merchant, Bribe Branch


You were on level 5 of the Dungeon.
You worshipped Gozag.
Gozag was aware of your devotion.
You visited 2 branches of the dungeon, and saw 6 of its levels.

You collected 325 gold pieces.
You paid 67 gold pieces to Gozag.

Inventory:

Hand Weapons
 a - a +4 quarterstaff of chaos (weapon)
 b - a +1 halberd of venom
 t - a +1 short sword of electrocution
Missiles
 q - 9 poisoned darts (quivered)
 r - 3 silver boomerangs
Armour
 h - a +2 hat (worn)
 i - a +0 robe (worn)
 y - a +0 cloak
Jewellery
 e - a +4 ring of evasion (left hand)
 j - a ring of protection from cold (right hand)
 o - an amulet of reflection (around neck)
Wands
 n - a wand of iceblast (17)
 v - a wand of polymorph (10)
 w - a wand of flame (16)
Scrolls
 c - a scroll of summoning {unknown}
 d - 4 scrolls of teleportation {unknown}
 f - 2 scrolls of enchant weapon {unknown}
 g - 5 scrolls of identify {unknown}
 k - a scroll of fog {unknown}
 l - a scroll of silence {unknown}
 m - a scroll of immolation {unknown}
 p - 2 scrolls of blinking {unknown}
 s - a scroll of amnesia {unknown}
 u - a scroll of vulnerability {unknown}
 x - a scroll of noise {unknown}


   Skills:
 - Level 1.5 Dodging
 - Level 1.5 Stealth
 - Level 2.6 Spellcasting
 * Level 10.6 Necromancy


You had 3 spell levels left.
You knew the following spells:

 Your Spells              Type           Power      Damage    Failure   Level
a - Pain                  Necr           100%       1d9       1%          1
b - Vampiric Draining     Necr           55%        2d9       1%          3
c - Agony                 Necr           55%        N/A       6%          5

Your spell library contained the following spells:

 Spells                   Type           Power      Damage    Failure   Level
 Animate Skeleton         Necr           100%       N/A       1%          1
 Magic Dart               Conj           8%         1d3       19%         1
 Call Imp                 Summ           2%         N/A       26%         2
 Scorch                   Fire           4%         2d5       26%         2
 Mephitic Cloud           Conj/Pois/Air  2%         N/A       47%         3
 Animate Dead             Necr           27%        N/A       2%          4
 Flame Wave               Conj/Fire      2%         2d4       87%         4
 Summon Cactus Giant      Summ           1%         N/A       100%        6


Dungeon Overview and Level Annotations

Branches:
Dungeon (5/15)             Temple (1/1) D:5

Altars:
Ashenzari
Cheibriados
Dithmenos
Elyvilon
Fedhas
Gozag
Hepliaklqana
Kikubaaqudgha
Makhleb
Nemelex Xobeh
Okawaru
Qazlal
Ru
Sif Muna
Trog
Uskayaw
Vehumet
Wu Jian
Xom
Yredelemnul
The Shining One

Shops:
D:4 !   D:5 *


Innate Abilities, Weirdness & Mutations

You are immune to poison.
Your flesh is cold resistant. (rC+)
You are immune to negative energy. (rN+++)
You are immune to unholy pain and torment.
You are vulnerable to heat. (rF-)
You are in touch with the powers of death.
You do not drink.


Message History

There is a stone staircase leading down here.
The two-headed ogre shouts in stereo!
Throw: 11 darts (poison)
Press: ? - help, Q - select action, (/) - cycle Shift-Dir - straight line, f - two-headed ogre
Aim: a two-headed ogre, wielding a +0 giant club and a +0 giant spiked club (72% to hit)
You throw a poisoned dart.
The poisoned dart hits the two-headed ogre.
The two-headed ogre is poisoned.
Casting: Pain (safe; 1% risk of failure)
Confirm with . or Enter, or press ? or * to list all spells.
The spell is quite dangerous to miscast (6% risk of failure)!
Continue anyway?
Aiming: Agony (quite dangerous; 6% risk of failure)
Press: ? - help, Shift-Dir - straight line, f/p - two-headed ogre
Aim: a two-headed ogre, wielding a +0 giant club and a +0 giant spiked club (poisoned, chance to affect: 95%)
You feel a surge of power!
The two-headed ogre convulses!
The two-headed ogre barely misses you.
The two-headed ogre hits you with a +0 giant spiked club!!
You take 22 damage, and have 30/52 hp.
MASSIVE DAMAGE!!
You now have 7/12 mp.
Casting: Agony (quite dangerous; 6% risk of failure)
Confirm with . or Enter, or press ? or * to list all spells.
The spell is quite dangerous to miscast (6% risk of failure)!
Continue anyway?
Aiming: Agony (quite dangerous; 6% risk of failure)
Press: ? - help, Shift-Dir - straight line, f/p - two-headed ogre
Aim: a two-headed ogre, wielding a +0 giant club and a +0 giant spiked club (heavily wounded, poisoned, chance to affect: 95%)
You feel a surge of power!
The two-headed ogre convulses!
You now have 2/12 mp.
Throw: 10 darts (poison)
Press: ? - help, Q - select action, (/) - cycle Shift-Dir - straight line, f/p - two-headed ogre
Aim: a two-headed ogre, wielding a +0 giant club and a +0 giant spiked club (severely wounded, poisoned, 72% to hit)
You throw a poisoned dart.
The poisoned dart hits the two-headed ogre.
The two-headed ogre looks even sicker.
The two-headed ogre is severely wounded.
You block the two-headed ogre's attack.
The two-headed ogre hits you with a +0 giant spiked club!
You take 7 damage, and have 23/52 hp.
The two-headed ogre attacks as you move away!
The two-headed ogre hits you with a +0 giant club!!
You die...
Your body crumbles into a pile of gold.

#........# #.....
#.######.#####.####
#. #........... #.
#####..##.)...##
#.##......###>..###
#........## ##.....
#..#.##..# #.####
##..#.##..# #.#
#..@......# ##'##
#..O..##.## ##...##
#...####.#
##.....## ##.(#.
#.###.......#
#..(....##.........
#......w.'.........
#.#...####.......<.
#.##.## ##.......#
#$# ## ##.....##


You could see a two-headed ogre (very poisoned).

Vanquished Creatures
  3 ice beasts (D:5)
  An ogre (D:4)
  A phantom (D:5)
  A bullfrog (D:4)
  2 necrophages (D:5)
  A scorpion (D:5)
  A hound (D:5)
  2 jellies
  Crazy Yiuf (D:5)
  An iguana (D:5)
  Terence (D:2)
  2 orc wizards (D:4)
  10 gnolls
  9 adders
  A white imp (D:4)
  An ufetubus (D:5)
  3 worms
  4 dart slugs
  9 orcs
  4 endoplasms
  3 giant cockroaches
  7 goblins
  9 hobgoblins
  14 kobolds
  A quokka (D:4)
  5 ball pythons
  8 bats
  A frilled lizard (D:1)
  6 rats
112 creatures vanquished.

Notes
Turn   | Place    | Note
-------+----------+-------------------------------------------
     0 | D:1      | trckry the Mummy Necromancer began the quest for the Orb.
     0 | D:1      | Reached XP level 1. HP: 13/13 MP: 4/4
   260 | D:1      | Reached XP level 2. HP: 13/19 MP: 2/5
  1137 | D:1      | Reached skill level 5 in Necromancy
  1137 | D:1      | Gained mutation: You are in touch with the powers of death.
                  | [Mummy growth]
  1137 | D:1      | Reached XP level 3. HP: 14/24 MP: 0/7
  1141 | D:1      | Learned a level 3 spell: Vampiric Draining
  1659 | D:2      | Noticed Terence
  1694 | D:2      | Killed Terence
  1695 | D:2      | Reached XP level 4. HP: 30/30 MP: 5/8
  2333 | D:3      | Found a bloodstained altar of Trog.
  2435 | D:3      | Reached skill level 6 in Necromancy
  2720 | D:3      | Reached XP level 5. HP: 35/35 MP: 1/9
  3496 | D:3      | Reached skill level 7 in Necromancy
  3650 | D:4      | Noticed an ogre
  3650 | D:4      | Found Visugeq's Distillery.
  3660 | D:4      | Killed an ogre
  3661 | D:4      | Reached XP level 6. HP: 10/41 MP: 1/10
  4487 | D:4      | Reached skill level 8 in Necromancy
  5018 | D:4      | Reached XP level 7. HP: 46/46 MP: 9/11
  5111 | D:4      | Learned a level 5 spell: Agony
  5129 | D:5      | Entered Level 5 of the Dungeon
  5153 | D:5      | Noticed a two-headed ogre
  5209 | D:5      | Found a staircase to the Ecumenical Temple.
  5220 | D:5      | Reached skill level 9 in Necromancy
  5237 | Temple   | Entered the Ecumenical Temple
  5518 | Temple   | Became a worshipper of Gozag Ym Sagoz the Greedy
  5892 | D:5      | Found a runed translucent door.
  5893 | D:5      | Noticed Crazy Yiuf
  5899 | D:5      | Killed Crazy Yiuf
  6230 | D:5      | Found Volacwio's Gadget Gallery.
  6280 | D:5      | Reached skill level 10 in Necromancy
  6412 | D:5      | Reached XP level 8. HP: 42/52 MP: 12/12
  6782 | D:5      | Slain by a two-headed ogre

Illustrated notes

Levels and vault maps discovered:
D:1:      pf_arrival_petrified_forest, layout_basic
D:2:      layout_loops_ring, guppyfry_early_orc_mine, uniq_terence
D:3:      layout_loops_corners, mainiacjoe_overflow_concentric_impassable
D:4:      layout_basic, serial_shops, nicolae_shop_waterfront,
          minmay_divided_ellipse
D:5:      layout_loops_corners, minmay_temple_entry_large_hall,
          nicolae_shop_gadgets, uniq_crazy_yiuf_cottage
Temple:   mainiacjoe_temple_cubbyholes

Skill      XL: |  1  2  3  4  5  6  7 |
---------------+----------------------+-----
Necromancy     | 5 6 7 8 10 | 10.6
Dodging        | |  1.5
Stealth        | |  1.5
Spellcasting   | |  2.6

Action                   |  1- 3 |  4- 6 |  7- 9 || total
-------------------------+-------+-------+-------++-------
Melee: Quarterstaff      |       |    15 |    78 ||    93
       Halberd           |       |     7 |       ||     7
Throw: Dart              |       |       |     2 ||     2
 Cast: Pain              |    58 |   108 |    21 ||   187
       Vampiric Draining |     1 |    14 |     5 ||    20
       Agony             |       |       |     2 ||     2
 Stab: Sleeping          |       |       |     2 ||     2
Armor: Robe              |       |     3 |    15 ||    18
Dodge: Dodged            |    18 |    27 |    57 ||   102
Block: Other             |       |     1 |    16 ||    17
       Reflection        |       |     1 |       ||     1

Table legend: (Time is in decaauts)
 A = Elapsed time spent in this place.
 B = Non-inter-level travel time spent in this place.
 C = Inter-level travel time spent in this place.
 D = Time resting spent in this place.
 E = Time spent auto-exploring this place.
 F = Levels seen in this place.
 G = Mean time per level.
                   A        B        C        D        E       F      G
               +--------+--------+--------+--------+--------+-----+--------+
         Total |   6813 |   6530 |    283 |    262 |   5099 |   6 | 1135.5 |
       Dungeon |   6386 |   6155 |    231 |    262 |   4734 |   5 | 1277.2 |
        Temple |    426 |    374 |     52 |      0 |    365 |   1 |  426.0 |
               +--------+--------+--------+--------+--------+-----+--------+

Top non-repeatable levels by time:
     D:3: 1514 daAuts
     D:4: 1327 daAuts
     D:1: 1217 daAuts
     D:5: 1169 daAuts
     D:2: 1157 daAuts
  Temple: 426 daAuts
